AoeStats
← Rain

African Clearing

506858296Analyzed
4v4 RM · 16d ago on Sep 15, 2026· 46m 29s· 8 players
Game mode
Random Map
Map size
Large (8 player)
Population
200
Speed
Normal
Resources
Standard
Victory
Conquest
Starting age
Dark Age
Ending age
Imperial Age
RankedLock teamsTeams togetherTeam positionsShared explorationLock speedFull tech treeHidden civsTurbo modeCheats
Victory
Defeat
1652
+11
🇹🇼 Maya · Taiwan
1518
+16
🇹🇼 Persians · Taiwan
1513
+16
🇨🇳 Magyars · China
1464
+19
🇩🇪 Vietnamese · Germany
1537
-16
🇪🇸 Mongols · Spain
1528
-16
🇦🇷 Jurchens · Argentina
1527
-16
🇳🇱 Jurchens · Netherlands
1498
-14
TW_andy.fet
6:57 Loom
8:41 Loom
36:22 Feudal Age
42:04 Castle Age
TW_Jerry YT @TW-aoe2noobs
4:37 Loom
13:40 Feudal Age
19:26 Castle Age
17:47 Gold Mining
17:43 Double-Bit Axe
17:41 Horse Collar
19:05 Bloodlines
20:05 Padded Archer Armor
20:14 Scale Barding Armor
20:29 Bow Saw
20:36 Husbandry
28:54 Light Cavalry
30:44 Wheelbarrow
33:26 Chain Barding Armor
36:32 Heavy Plow
37:45 Hand Cart
41:50 Imperial Age
40:08 Scale Mail Armor
40:18 Forging
40:48 Hand Cart
41:41 Iron Casting
43:17 Plate Barding Armor
42:15 Elite Shrivamsha Rider
44:02 Heavy Camel Rider
45:40 Siege Elephant
46:16 Siege Elephant
Rain
14:38 Feudal Age
19:00 Castle Age
18:22 Scale Mail Armor
17:56 Man-at-Arms
19:23 Long Swordsman
34:38 Scale Barding Armor
35:34 Bloodlines
35:25 Husbandry
35:44 Light Cavalry
41:27 Imperial Age
39:07 Gold Mining
40:49 Chain Barding Armor
42:16 Recurve Bow
42:09 Fletching
43:23 Chemistry
42:43 Ballistics
42:17 Double-Bit Axe
43:41 Thumb Ring
44:17 Gold Shaft Mining
43:48 Bodkin Arrow
45:12 Parthian Tactics
鼠條
3:18 Loom
10:50 Feudal Age
11:45 Double-Bit Axe
14:52 Fletching
17:01 Padded Archer Armor
19:46 Wheelbarrow
23:43 Castle Age
21:37 Horse Collar
23:48 Crossbowman
24:24 Bodkin Arrow
26:45 Leather Archer Armor
28:31 Ballistics
33:35 Gold Mining
36:32 Imperial Age
35:03 Thumb Ring
34:44 Treadmill Crane
35:26 Bow Saw
35:21 Heavy Plow
36:40 Arbalester
37:25 Bracer
38:31 Chemistry
37:40 Stone Mining
39:44 Hand Cart
39:53 Elite Skirmisher
41:07 Ring Archer Armor
40:50 Masonry
40:41 Town Watch
41:41 Stone Shaft Mining
43:10 Forging
43:00 Scale Mail Armor
44:17 Conscription
44:00 Hul'che Javelineers
45:34 Coinage
45:15 Guilds
Melquiades3959
13:47 Feudal Age
15:39 Double-Bit Axe
18:30 Castle Age
16:47 Gold Mining
17:48 Scale Barding Armor
17:54 Forging
19:36 Chain Barding Armor
19:34 Bloodlines
20:08 Loom
22:25 Bow Saw
26:12 Horse Collar
29:01 Husbandry
30:10 Wheelbarrow
30:41 Fletching
33:52 Iron Casting
36:10 Imperial Age
35:18 Padded Archer Armor
35:01 Light Cavalry
35:38 Bodkin Arrow
36:12 Ballistics
36:21 Hand Cart
35:59 Town Watch
36:37 Leather Archer Armor
36:59 Bracer
38:01 Conscription
37:55 Heavy Plow
38:29 Leather Archer Armor
39:53 Thumb Ring
40:53 Iron Casting
41:18 Hussar
45:01 Blast Furnace
sdk
12:40 Feudal Age
11:57 Loom
15:30 Feudal Age
20:47 Wheelbarrow
19:59 Town Watch
21:24 Wheelbarrow
31:02 Castle Age
34:48 Castle Age
34:37 Double-Bit Axe
35:57 Bow Saw
44:46 Fishing Lines
TheBlackMamba
9:51 Loom
11:43 Feudal Age
12:16 Double-Bit Axe
13:01 Loom
43:52 Fishing Lines
таҗик
11:21 Loom
14:34 Feudal Age
18:07 Castle Age
16:25 Double-Bit Axe
19:08 Town Watch
26:30 Sanctity
34:31 Wheelbarrow
34:20 Horse Collar
39:34 Imperial Age
41:26 Squires
42:04 Fletching
42:17 Padded Archer Armor
42:31 Masonry
42:51 Fortified Bastions
43:11 Conscription
43:24 Pikeman
44:33 Scale Mail Armor
44:44 Forging
45:28 Conscription
Connection lost

Rejoining the realm…

Still unreachable

The connection could not be restored.

Session expired

The server has moved on; the page needs a fresh start.